 Dungeon Crawl Stone Soup version 0.18.1-48-g4cf74bf (webtiles) character file.

361 Letos the Covered (level 6, -1/49 HPs)
             Began as a Formicid Fighter on Sept 1, 2016.
             Killed from afar by Blork the orc (7 damage)
             ... with a puff of flame
             ... on level 4 of the Dungeon.
             The game lasted 00:03:15 (3412 turns).

Letos the Covered (Formicid Fighter)                Turns: 3412, Time: 00:03:15

Health: -1/49      AC:  8    Str: 31    XL:     6   Next: 99%
Magic:  6/6        EV:  8    Int:  7    God:
Gold:   192        SH: 11    Dex: 12    Spells: 0 memorised, 5 levels left

rFire  . . .     SeeInvis +     a - +0 long sword
rCold  . . .     Gourm    .     b - +0 scale mail
rNeg   . . .     Faith    .     c - +0 shield
rPois  .         Spirit   .     (helmet unavailable)
rElec  .         Dismiss  .     g - +0 cloak (curse)
rCorr  .         Reflect  .     (no gloves)
SustAt .         Harm     .     (no boots)
MR     .....                    (no amulet)
Stlth  ..........               (no ring)
                                s - +5 ring of strength

@: mighty, not resistant to hostile enchantments, extremely unstealthy
A: permanent stasis, dig shafts and tunnels, four strong arms, antennae 3
a: Dig, Shaft Self


You were on level 4 of the Dungeon.
You were not hungry.

You visited 1 branch of the dungeon, and saw 4 of its levels.

You collected 192 gold pieces.

Inventory:

Hand Weapons
 a - a +0 long sword (weapon)
Armour
 b - a +0 scale mail (worn)
 c - a +0 shield (worn)
 g - a cursed +0 cloak (worn)
Jewellery
 s - a +5 ring of strength (left hand)
Wands
 t - a wand of acid (4/15)
 v - a wand of disintegration (10/24)
Scrolls
 e - a scroll of fear {unknown}
 i - 2 scrolls of enchant armour {unknown}
 k - 3 scrolls of identify {unknown}
 m - a scroll of immolation {unknown}
 n - 2 scrolls of enchant weapon {unknown}
 u - 2 scrolls of remove curse
 w - a scroll of magic mapping
Potions
 l - a potion of mutation {unknown}
 o - a potion of heal wounds {unknown}
 p - a potion of cancellation {unknown}
 q - a potion of curing {unknown}
 r - a potion of resistance {unknown}
Comestibles
 f - a bread ration
 h - 6 meat rations
 j - 12 fruits


   Skills:
 + Level 4.3 Fighting
 * Level 4.7 Long Blades
 + Level 4.8 Armour
 + Level 4.8 Shields


You had 5 spell levels left.
You didn't know any spells.

Dungeon Overview and Level Annotations

Branches:
Dungeon (4/15)
 Temple: D:4-7

Altars:
Ashenzari
Cheibriados
Dithmenos
Pakellas
Sif Muna
Zin

Annotations:
D:4 Blork the orc, Eustachio


Innate Abilities, Weirdness & Mutations

You are under a permanent stasis effect.
You can dig through walls and to a lower floor.
Your four strong arms can wield two-handed weapons with a shield.
You have a pair of large antennae on your head (SInv).


Message History

Blork the orc is moderately wounded.
The hobgoblin no longer looks unusually strong.
Blork the orc hits you with a hand axe.
* * * LOW HITPOINT WARNING * * *
Blork the orc points at you and mumbles some strange words.
The puff of flame misses you.
Drink which item? (? for menu, Esc to quit)
You feel very mighty all of a sudden.
The goblin no longer looks unusually strong.
You block Blork the orc's attack.
Eustachio gestures wildly while chanting.
Eustachio blinks!
Blork the orc gestures at you while chanting.
The puff of frost hits you!
* * * LOW HITPOINT WARNING * * *
You closely miss Blork the orc.
Blork the orc is moderately wounded.
Blork the orc casts a spell at you. The puff of flame hits you!
You die...

## #. #.# #. #.#### #..
#..... # # #.###..#### #
#.#.#......... .
###.#.#.#..##..# ...
..............†####g....
........#..#..)(@ogg§...
####..#.......######....
#. #.#.....### # #
#.#.........
#....######. #.#........
#########....#<..
........'....# #
#########....#


You could see Blork the orc (invisible), a hobgoblin and 2 goblins.

Vanquished Creatures
  The ghost of fungalreason the Sneak, an amateur HaAs (D:3)
  A howler monkey (D:4)
  Ijyb (D:3)
  A hound skeleton (D:2)
  Robin (D:4)
  9 gnolls
  An adder (D:2)
  2 oozes
  A worm (D:3)
  3 giant geckos
  10 bats
  3 giant cockroaches
  15 goblins
  17 hobgoblins
  6 jackals
  A quokka (D:4)
  2 ball pythons
  4 giant newts
  10 kobolds
  4 rats
93 creatures vanquished.

Notes
Turn   | Place    | Note
--------------------------------------------------------------
     0 | D:1      | Letos the Formicid Fighter began the quest for the Orb.
     0 | D:1      | Reached XP level 1. HP: 18/18 MP: 1/1
   223 | D:1      | Reached XP level 2. HP: 24/24 MP: 2/2
   756 | D:1      | Reached XP level 3. HP: 24/29 MP: 3/3
  1653 | D:2      | Reached XP level 4. HP: 30/37 MP: 4/4
  2002 | D:2      | Reached XP level 5. HP: 21/42 MP: 5/5
  2180 | D:2      | Found an oddly glowing altar of Pakellas.
  2180 | D:2      | Found a glowing silver altar of Zin.
  2285 | D:2      | Found a snail-covered altar of Cheibriados.
  2570 | D:3      | Noticed Ijyb
  2592 | D:3      | Killed Ijyb
  2669 | D:3      | Reached XP level 6. HP: 48/48 MP: 6/6
  2725 | D:3      | Found a shadowy altar of Dithmenos.
  2819 | D:3      | Noticed fungalreason's ghost (amateur HaAs)
  2832 | D:3      | Killed fungalreason's ghost
  3058 | D:3      | Found a deep blue altar of Sif Muna.
  3064 | D:3      | Found a shattered altar of Ashenzari.
  3391 | D:4      | Noticed Robin
  3392 | D:4      | Noticed Blork the orc
  3405 | D:4      | Noticed Eustachio
  3406 | D:4      | Killed Robin
  3412 | D:4      | Killed from afar by Blork the orc

Skill      XL: |  1  2  3  4  5  6 |
---------------+-------------------+-----
Long Blades    | 3 4 |  4.7
Shields        | 4 |  4.8
Fighting       | 4 |  4.3
Armour         | 4 |  4.8

Action                   |  1- 3 |  4- 6 || total
-------------------------+-------+-------++-------
Melee: Long sword        |   148 |   210 ||   358
 Abil: Dig               |     1 |       ||     1
  Use: Scroll            |     4 |       ||     4
       Potion            |       |     1 ||     1
  Eat: Chunk             |     3 |     6 ||     9
Armor: Scale mail        |   120 |    95 ||   215
Dodge: Dodged            |    73 |    82 ||   155
Block: Shield            |   113 |   117 ||   230
